 Dungeon Crawl Stone Soup version 0.31-a0-271-gb88eb75e06 (webtiles) character file.

Game seed: 9250654182511254210

4 spiderkeys the Caller (level 1, -1/16 HPs)
             Began as a Demonspawn Wanderer on July 14, 2023.
             Frozen to death by an endoplasm (4 damage)
             ... on level 1 of the Dungeon.
             The game lasted 00:00:46 (150 turns).

spiderkeys the Caller (Demonspawn Wanderer)          Turns: 150, Time: 00:00:47

Health: -1/16      AC:  2    Str: 13    XL:     1   Next: 58%
Magic:  2/2        EV: 11    Int: 15    God:
Gold:   0          SH:  0    Dex:  9    Spells: 1/2 levels left

rFire   . . .        a - +1 hand axe
rCold   . . .        (no shield)
rNeg    . . .        c - +0 robe
rPois   .            (no helmet)
rElec   .            (no cloak)
rCorr   .            (no gloves)
SInv    .            (no boots)
Will    .....        (no amulet)
Stlth   +            (no ring)
HPRegen 0.22/turn    (no ring)
MPRegen 0.08/turn

%: no passive effects
@: no status effects
A: no striking features
a: no special abilities


You were on level 1 of the Dungeon.
You visited 1 branch of the dungeon, and saw 1 of its levels.


   Skills:
 + Level 2.0 Fighting
 + Level 1.1 Axes
 - Level 1.0 Throwing
 + Level 0.0 Dodging
 + Level 1.0 Spellcasting
 + Level 4.0 Summonings
 + Level 1.1 Evocations


You had one spell level left.
You knew the following spells:

 Your Spells              Type           Power      Damage    Failure   Level
s - Summon Small Mammal   Summ           48%        N/A       4%          1

Your spell library contained the following spells:

 Spells                   Type           Power      Damage    Failure   Level
 Call Imp                 Summ           24%        N/A       7%          2
 Ignite Poison            Fire/Tmut/Pois 0%         N/A       58%         3
 Summon Lightning Spire   Summ/Air       6%         N/A       71%         4
 Sticky Flame             Conj/Fire      0%         2d3       94%         4
 Ignition                 Fire           0%         3d3       100%        8

Inventory:

Hand Weapons
 a - a +1 hand axe (weapon)
Armour
 c - a +0 robe (worn)
 e - a +0 ring mail
   (You found it on level 1 of the Dungeon)
Scrolls
 b - a scroll of fog
Potions
 d - a potion of curing {unknown}

Dungeon Overview and Level Annotations

Branches:
Dungeon (1/15) Zot: 5842

Altars:

#.#......# #.##.##..#*,****,*
.###.....# #.##.#*.....,,**,,
#.#..†...# *** #.##.#*,###.*,****
...#.....#**,**#.##.#*,,,,,*,*
#..####..#*,*,*#.##.#*,#****,*
#...,,,....##*,#.##.##.#****,****
#..##**..##.#.##.##.....,,,>,,,,,
#..#***..#*#............,***,,**,
....,,,,.# #####@J......*,,,,,,,,
#..#****** #g.#.....,****,**,
..K# ***** #..#.....,* *,**,
**,****,,,*****#..#,....,****,**,
,,,,,,,,,,,,,,,...#,,.r.,*,,,,,,,
,,,***,*,******##.#**..#,*,*****,
**,*,,,*,,,* *.#**,,*,*,* *,
**,*,*,***,******..,,,,,,,,* *,
*,,,,*,,,,,,,,,,,,,,,,****,* *,


You could see an endoplasm and a goblin.


Message History

You completely miss the kobold.
The kobold hits you with a +0 dagger. 😮 HP[-2]
You take 2 damage, and now have 9/16 hp.
You barely miss the kobold. The kobold closely misses you. 😮 HP[+1]
You completely miss the endoplasm. You hit the kobold.
The endoplasm barely misses you. The kobold barely misses you.
The endoplasm barely misses you.
The kobold hits you with a +0 dagger. 😮 HP[-1]
You take 1 damage, and now have 9/16 hp.
You slash the endoplasm!
You kill the endoplasm!
You closely miss the kobold. The kobold barely misses you.
The kobold hits you with a +0 dagger.
* * * LOW HITPOINT WARNING * * *
😨 HP[-3]
You take 3 damage, and now have 6/16 hp.
You closely miss the kobold. The kobold hits you with a +0 dagger.
* * * LOW HITPOINT WARNING * * *
😨 HP[-1]
You take 1 damage, and now have 5/16 hp.
You miss the kobold. The kobold barely misses you.
You completely miss the kobold. You punch the kobold.
You kill the kobold!
Things that are here:
a +0 dagger; a kobold corpse
d - a scroll labelled ZOC HAXIRISONK 😨 HP[+1]
As you read the scroll labelled ZOC HAXIRISONK, it crumbles to dust.
You feel aware of your surroundings.
It was a scroll of revelation.
A frilled lizard and a kobold come into view.
The frilled lizard hisses angrily. 😎 HP[+10]
Your hp is fully restored (16).
You see here an amethyst potion.
You hit the frilled lizard but do no damage.
The frilled lizard barely misses you.
You miss the frilled lizard. The frilled lizard misses you.
You miss the frilled lizard. The frilled lizard closely misses you.
You closely miss the frilled lizard.
The frilled lizard completely misses you.
The frilled lizard barely misses you.
You hit the frilled lizard.
You kill the frilled lizard!
No target in view!
No target in view!
No target in view!
d - an amethyst potion
e - a +0 ring mail You see here a +0 short sword.
A quokka comes into view.
The quokka barely misses you. The quokka bites you. 😕 HP[-1]
You take 1 damage, and now have 15/16 hp.
You closely miss the quokka. The quokka barely misses you. 😎 HP[+1]
Your hp is fully restored (16).
You hit the quokka.
You kill the quokka!
No target in view!
You see here a quokka corpse.
You pick up an Everburning Encyclopedia and begin reading...
You add the spells Ignite Poison, Sticky Flame and Ignition to your library.
A goblin comes into view. It is wielding a +0 dagger.
The goblin shouts!
A goblin is nearby!
An endoplasm comes into view.
The endoplasm quivers.
A quokka comes into view.
The goblin barely misses you.
You see here 9 gold pieces.
You closely miss the goblin. The goblin hits you but does no damage.
The goblin hits you with a +0 dagger. The endoplasm hits you. 😕 HP[-3]
You take 3 damage, and now have 13/16 hp.
You closely miss the goblin. You hit the endoplasm.
The endoplasm closely misses you.
The goblin hits you with a +0 dagger. 😮 HP[-2]
You take 2 damage, and now have 11/16 hp.
You are too injured to fight recklessly!
You are too injured to fight recklessly!
You are too injured to fight recklessly!
You are too injured to fight recklessly!
You hit the endoplasm but do no damage. You hit the goblin.
The endoplasm barely misses you.
The goblin hits you with a +0 dagger. 😮 HP[-1]
You take 1 damage, and now have 10/16 hp.
You hit the endoplasm. You hit the goblin but do no damage.
The endoplasm hits you. The goblin hits you with a +0 dagger.
* * * LOW HITPOINT WARNING * * *
😨 HP[-3]
You take 3 damage, and now have 7/16 hp.
You barely miss the endoplasm. You barely miss the goblin.
The endoplasm hits you.
* * * LOW HITPOINT WARNING * * *
The goblin hits you with a +0 dagger.
* * * LOW HITPOINT WARNING * * *
The endoplasm freezes you.
You are frozen.
You die...

Action                     || total
---------------------------++-------
  Melee: Hand axe          ||    25
         Punch             ||     1
    Use: Scroll            ||     1
 Armour: Robe              ||     1
  Dodge: Dodged            ||    20

Levels and vault maps discovered:
D:1:      mrwooster_arrival_statue_3, layout_loops_ring, grunt_decor_clamped,
          hangedman_abyss_or_decor_stabs

Notes
Turn   | Place    | Note
-------+----------+-------------------------------------------
     0 | D:1      | spiderkeys the Demonspawn Wanderer began the quest for the
                  | Orb.
     0 | D:1      | spiderkeys set off with the following items: a +1 hand axe,
                  | a scroll of fog, a +0 robe; and the following spell
                  | memorised: Summon Small Mammal; and the following spells
                  | available to memorise: Call Imp, Summon Lightning Spire.
     0 | D:1      | Reached XP level 1. HP: 16/16 MP: 2/2
     0 | D:1      | magus.rc [v1.11.3]
   132 | D:1      | You add the spells Ignite Poison, Sticky Flame and Ignition
                  | to your library.
   150 | D:1      | HP: 4/16 [endoplasm (3)]
   150 | D:1      | Frozen to death by an endoplasm

Vanquished Creatures
  An endoplasm (D:1)
  A kobold (D:1)
  A quokka (D:1)
  A frilled lizard (D:1)
4 creatures vanquished.

Table legend:
 A = Non-vault XP
 B = Vault XP
 C = Vault XP percentage of total XP
 D = Non-vault monster count
 E = Vault monster count
 F = Vault count percentage of total count
                 A         B        C        D         E       F
            +---------+---------+-------+---------+---------+-------
      Total |       7 |       0 |   0.0 |       4 |       0 |   0.0
            +---------+---------+-------+---------+---------+-------
        D:1 |       7 |       0 |   0.0 |       4 |       0 |   0.0
            +---------+---------+-------+---------+---------+-------

Action                     || total
---------------------------++-------
  Melee: Hand axe          ||    25
         Punch             ||     1
    Use: Scroll            ||     1
 Armour: Robe              ||     1
  Dodge: Dodged            ||    20

Illustrated notes

Table legend:
 A = Kills in this place as a percentage of kills in the entire game.
 B = Kills by you in this place as a percentage of kills by you in the entire game.
 C = Kills by friends in this place as a percentage of kills by friends in the entire game.
 D = Other kills in this place as a percentage of other kills in the entire game.
 E = Experience gained in this place as a percentage of experience gained in the entire game.
 F = Experience gained in this place divided by the number of levels of this place that you have seen.
                   A       B       C       D       E      F
               +-------+-------+-------+-------+-------+----------------------
         Total | 100.0 | 100.0 |   N/A |   N/A | 100.0 |   7.0
       Dungeon | 100.0 | 100.0 |   N/A |   N/A | 100.0 |   7.0
               +-------+-------+-------+-------+-------+----------------------

Table legend: (Time is in decaauts)
 A = Elapsed time spent in this place.
 B = Non-inter-level travel time spent in this place.
 C = Inter-level travel time spent in this place.
 D = Time resting spent in this place.
 E = Time spent auto-exploring this place.
 F = Levels seen in this place.
 G = Mean time per level.
                   A        B        C        D        E       F      G
               +--------+--------+--------+--------+--------+-----+--------+
         Total |    155 |    155 |      0 |      0 |    105 |   1 |  155.0 |
       Dungeon |    155 |    155 |      0 |      0 |    105 |   1 |  155.0 |
               +--------+--------+--------+--------+--------+-----+--------+

Top non-repeatable levels by time:
     D:1: 155 daAuts
